[Event "Masters Tournament (MTO)"]
[Site "Biel, Switzerland"]
[Date "2026.07.21"]
[Round "8.1"]
[White "Cao, Qingfeng"]
[Black "Gloeckler, Christian"]
[Result "0-1"]
[TimeControl "100+30+30sec/move"]
[WhiteTitle "-"]
[BlackTitle "-"]
[WhiteFideId "8627568"]
[BlackFideId "34608966"]
[WhiteElo "2365"]
[BlackElo "2506"]

1. d4 Nf6 2. c4 e6 3. g3 d5 4. Bg2 Be7 5. Nf3 O-O 6. O-O Nbd7 7. Qc2 a5 8. Rd1 h6 9. Bf4 c6 10.
Nc3 b6 11. Ne5 Nxe5 12. dxe5 Nd7 13. Rac1 Bc5 14. h4 Ba6 15. cxd5 cxd5 16. Na4 Qe7 17. h5 Rac8 18. Nxc5 bxc5 19.
Qd2 a4 20. Bf3 Bb7 21. Qa5 Ra8 22. Qc7 Ba6 23. Be3 Rfc8 24. Bxc5 Rxc7 25. Bxe7 Rxc1 26. Rxc1 Nxe5 27. Kg2 f6 28.
b3 axb3 29. axb3 Bb5 30. Rc5 Be8 31. Bd6 Nxf3 32. Kxf3 Bxh5+ 33. g4 Be8 34. b4 Ra7 35. e3 Kf7 36. Kg3 g5 37. f4 Rd7 38.
Rc7 Rxc7 39. Bxc7 Kg6 40. Bd6 gxf4+ 41. exf4 f5 42. g5 hxg5 43. Be5 Bc6 44. Bd4 Bb5 45. Kf3 Bc4 46. Be5 g4+ 47.
Kf2 Ba6 48. Bd4 Kf7 49. Ke3 Ke8 50. Bc5 Kd7 51. Kd4 Kc6 52. Kc3 Bc4 53. Kd4 Kb5 54. Ke5 g3 55. Kd4 g2 56. Kc3 Ka4 57.
Bd4 Bb5 58. Bc5 Ka3 59. Bd4 Ka2 60. Kc2 Ba4 61. Kc3 Kb1 62. Be3 Bb5 63. Kd4 Kc2 64. Ke5 Kd3 65. Bc5 Kc4 66. Ba7 Kxb4 67.
Kxe6 Bd3 68. Kxd5 Be4+ 69. Ke5 Kc4 0-1

[Event "Masters Tournament (MTO)"]
[Site "Biel, Switzerland"]
[Date "2026.07.21"]
[Round "8.2"]
[White "Alexakis, Dimitris"]
[Black "Gopal, G.N."]
[Result "1/2-1/2"]
[TimeControl "100+30+30sec/move"]
[WhiteTitle "-"]
[BlackTitle "-"]
[WhiteFideId "4277023"]
[BlackFideId "5015693"]
[WhiteElo "2525"]
[BlackElo "2529"]

1. e4 c5 2. Nf3 d6 3. d4 cxd4 4. Nxd4 Nf6 5. Nc3 a6 6. Be2 e5 7. Nb3 Be7 8. Be3 Be6 9. Qd3 Nbd7 10.
Nd5 Bxd5 11. exd5 Rc8 12. O-O-O Nb6 13. Kb1 Nc4 14. Bc1 b5 15. h4 h5 16. f3 O-O 17. g4 a5 18. gxh5 a4 19.
Nd2 Nxh5 20. Nxc4 bxc4 21. Qc3 Bf6 22. Bg5 Ng3 1/2-1/2

[Event "Masters Tournament (MTO)"]
[Site "Biel, Switzerland"]
[Date "2026.07.21"]
[Round "8.3"]
[White "Acs, Peter"]
[Black "Ghosh, Diptayan"]
[Result "1/2-1/2"]
[TimeControl "100+30+30sec/move"]
[WhiteTitle "-"]
[BlackTitle "-"]
[WhiteFideId "708020"]
[BlackFideId "5045207"]
[WhiteElo "2561"]
[BlackElo "2554"]

1. e4 e5 2. Nf3 Nc6 3. d4 exd4 4. Nxd4 Bc5 5. Be3 Qf6 6. c3 Nge7 7. Bb5 O-O 8. O-O Bb6 9. a4 Qg6 10.
Bd3 d6 11. Kh1 Ne5 12. Bc2 f5 13. exf5 Nxf5 14. a5 Bxd4 15. Bxd4 Nc6 16. Re1 Qh6 17. f3 Ncxd4 18. cxd4 Ng3+ 19.
Kg1 Nh5 20. Ra3 Nf4 21. g3 Qg5 22. Nd2 Kh8 23. Ne4 Qg6 24. Nf2 Qg5 25. Rae3 Nd5 26. Re8 Bd7 27. Qd3 Qh5 28. Rxa8 Rxa8 29.
Qb3 Bc6 30. a6 Nb6 31. Be4 Bxe4 32. fxe4 bxa6 33. e5 Re8 34. e6 Qd5 35. Qe3 Qf5 36. g4 Qg6 37. Qf3 Kg8 38. d5 Rf8 39.
Qg2 Qg5 40. Rd1 Qe3 41. Rd3 Qe1+ 42. Qf1 Qe5 43. Qd1 Qxb2 44. Rf3 Rxf3 45. Qxf3 Qf6 46. Qd3 Qe5 47. Qf3 Qf6 48. Qd3 Qa1+ 49.
Nd1 a5 50. h4 a4 51. g5 Nc4 52. e7 Kf7 53. Qf5+ Kxe7 54. Qe6+ Kd8 55. Qg8+ Ke7 56. Qe6+ h6 1/2-1/2

[Event "Masters Tournament (MTO)"]
[Site "Biel, Switzerland"]
[Date "2026.07.21"]
[Round "8.4"]
[White "Aronyak, Ghosh"]
[Black "Baenziger, Fabian"]
[Result "1-0"]
[TimeControl "100+30+30sec/move"]
[WhiteTitle "-"]
[BlackTitle "-"]
[WhiteFideId "25072846"]
[BlackFideId "1330110"]
[WhiteElo "2549"]
[BlackElo "2435"]

1. e4 c5 2. Nf3 Nc6 3. Bb5 d6 4. O-O Bd7 5. Re1 a6 6. Bf1 Bg4 7. c3 e6 8. h3 Bxf3 9. Qxf3 Nf6 10.
d3 Be7 11. Qd1 O-O 12. Nd2 d5 13. g3 Qc7 14. Nf3 b5 15. Bf4 e5 16. Bg5 Rad8 17. Qc2 Rfe8 18. Rad1 dxe4 19. dxe4 Nd7 20.
Be3 c4 21. b3 Na5 22. Rd2 Nf6 23. Red1 cxb3 24. axb3 Rc8 25. Ra1 Nc6 26. Rxa6 Nb4 27. cxb4 Qxc2 28. Rxc2 Rxc2 29. Bxb5 Rec8 30.
Nxe5 Bxb4 31. Bc4 Nxe4 32. Ra4 R2xc4 33. Nxc4 Bc5 34. Nb6 Bxb6 35. Bxb6 Nd2 36. b4 h6 37. Be3 Nc4 38. Bc5 Kh7 39.
Kg2 Kg6 40. Kf3 Nd2+ 41. Ke2 Ne4 42. Ra5 Rd8 43. Ke3 Nxc5 44. Rxc5 Rd1 45. b5 Rb1 46. Kd4 Rb2 47. Kd5 Rxf2 48.
b6 Rb2 49. Kc6 1-0

[Event "Masters Tournament (MTO)"]
[Site "Biel, Switzerland"]
[Date "2026.07.21"]
[Round "8.5"]
[White "Savitha, Shri B"]
[Black "Kozak, Adam"]
[Result "0-1"]
[TimeControl "100+30+30sec/move"]
[WhiteTitle "-"]
[BlackTitle "-"]
[WhiteFideId "35061887"]
[BlackFideId "753246"]
[WhiteElo "2368"]
[BlackElo "2531"]

1. e4 e6 2. d4 d5 3. exd5 exd5 4. Nf3 Bd6 5. Bd3 Bg4 6. O-O Ne7 7. h3 Bh5 8. Re1 Nd7 9. Bg5 f6 10.
Bd2 O-O 11. c4 dxc4 12. Bxc4+ Kh8 13. Nc3 Nb6 14. Be6 c6 15. Ne4 Nbd5 16. Nc5 b6 17. Nb7 Qc7 18. Nxd6 Qxd6 19. Qb3 Bf7 20.
Bxf7 Rxf7 21. Re4 Ng6 22. Rae1 Re7 23. Rxe7 Ngxe7 24. Qd3 Qd7 25. a3 Re8 26. Qe4 Nc7 27. Qf4 Ned5 28. Rxe8+ Qxe8 29.
Qd6 Nb5 30. Qg3 Nbc7 31. Qd6 Kg8 32. a4 Qe6 33. Qd8+ Qe8 34. Qd6 a5 35. h4 h5 36. Bc1 Kf7 37. Bd2 Qe6 38. Qd8 Ne8 39.
Bc1 Nd6 40. b3 Nf5 41. Ba3 Kg6 42. Qb8 Kh7 43. Qb7 Nxh4 44. Bf8 Nxf3+ 45. gxf3 Qe1+ 0-1

[Event "Masters Tournament (MTO)"]
[Site "Biel, Switzerland"]
[Date "2026.07.21"]
[Round "8.6"]
[White "Shukhman, Anna"]
[Black "Vihaan, Dumir"]
[Result "0-1"]
[TimeControl "100+30+30sec/move"]
[WhiteTitle "-"]
[BlackTitle "-"]
[WhiteFideId "54180058"]
[BlackFideId "25901010"]
[WhiteElo "2443"]
[BlackElo "2132"]

1. e4 d6 2. d4 Nf6 3. Nc3 e5 4.
Nf3 Nbd7 5. h3 Be7 6. g4 h6 7. Rg1 c6 8. a4 Qa5 9. Bd2 exd4 10. Nxd4 Qe5 11. Nf3 Qe6 12. Nd4 Qe5 13.
Be3 Nxe4 14. Nxe4 Qxe4 15. Bg2 Qe5 16. Nf5 O-O 17. f4 Qe6 18. Kf2 Bf6 19. Re1 Bxb2 20. Rb1 Bc3 21. Re2 Qf6 22.
Nxd6 Nb6 23. Ne4 Qh4+ 24. Kg1 Rd8 25. Bf2 Rxd1+ 26. Rxd1 Bxg4 27. Bxh4 Bxe2 28. Nxc3 Bxd1 29. Nxd1 Nxa4 30. Kf1 Nc5 31. Bf2 Ne6 32.
Be3 g5 33. fxg5 hxg5 34. Nc3 Nf4 35. Ne4 Nxg2 36. Kxg2 a5 37. Bxg5 a4 38. Bf6 a3 39. Nc5 a2 40. Nb3 c5 41.
Nxc5 a1=Q 42. Bxa1 Rxa1 43. Nxb7 Rc1 44. Nd6 Rxc2+ 45. Kg3 Rc5 46. Kf4 Kg7 47. Ne4 Ra5 48. Ng5 Kg6 49. Nf3 Ra4+ 50. Ke3 f6 51. Kf2 Kf5 52.
Ne1 Ra3 53. h4 Kg4 54. Ng2 Ra2+ 55. Kf1 Kf3 56. Ne1+ Kg3 57. h5 Rh2 0-1

[Event "Masters Tournament (MTO)"]
[Site "Biel, Switzerland"]
[Date "2026.07.21"]
[Round "8.7"]
[White "Yasaswi, Krishna Bommi"]
[Black "Dong, Hongfu"]
[Result "0-1"]
[TimeControl "100+30+30sec/move"]
[WhiteTitle "-"]
[BlackTitle "-"]
[WhiteFideId "33368783"]
[BlackFideId "8626960"]
[WhiteElo "2085"]
[BlackElo "2353"]

1. d4 Nf6 2. Nf3 b6 3. Bf4 Bb7 4. e3 Nh5 5. Bg3 Nxg3 6. hxg3 g6 7. Bd3 Bg7 8. Nbd2 c5 9. c3 d6 10.
Qe2 Nd7 11. O-O O-O 12. a4 a6 13. e4 Qc7 14. Rfd1 e6 15. Nf1 Nf6 16. N3d2 Rfd8 17. e5 Nd7 18. exd6 Qxd6 19. Be4 Qc7 20.
Bxb7 Qxb7 21. dxc5 Nxc5 22. Nc4 Qc6 23. a5 b5 24. Nb6 Rab8 25. Rxd8+ Rxd8 26. Rd1 Bf6 27. Rxd8+ Bxd8 28. Qf3 Qxf3 29.
gxf3 Na4 30. Nxa4 bxa4 31. Nd2 Bxa5 32. Nc4 Bc7 33. f4 f5 34. Kg2 Kf7 35. Kf3 Kf6 36. Ke3 Bb8 37. Ke2 Ba7 38.
Ne5 Kg7 39. Nd7 Kf7 40. Ne5+ Ke8 41. Kf3 Bc5 42. Nd3 a3 43. bxa3 Bxa3 44. Ke3 a5 45. Kd4 a4 46. Kc4 Bd6 47.
Kb5 a3 48. Nc1 h5 49. c4 Bxf4 50. Na2 Bxg3 51. fxg3 f4 52. gxf4 h4 53. c5 h3 54. c6 h2 55. c7 Kd7 0-1

[Event "Masters Tournament (MTO)"]
[Site "Biel, Switzerland"]
[Date "2026.07.21"]
[Round "8.8"]
[White "Elmi, Saad Abobaker"]
[Black "Dai, Wenzhi"]
[Result "1-0"]
[TimeControl "100+30+30sec/move"]
[WhiteTitle "-"]
[BlackTitle "-"]
[WhiteFideId "1553259"]
[BlackFideId "8608369"]
[WhiteElo "2399"]
[BlackElo "2126"]

1. d4 Nf6 2. c4 e6 3. Nf3 d5 4. Nc3 Be7 5. Bg5 O-O 6. e3 h6 7. Bh4 b6 8. cxd5 exd5 9. Bd3 Bb7 10.
O-O Ne4 11. Bxe7 Qxe7 12. Rc1 Nd7 13. Qa4 c5 14. Qa3 Rfc8 15. Rfd1 Nxc3 16. Rxc3 Qe6 17. dxc5 bxc5 18. Bb5 Bc6 19.
Ba6 Rcb8 20. Rdc1 Bb5 21. Bxb5 Rxb5 22. b3 a5 23. h3 a4 24. Rd1 Ra6 25. Qc1 axb3 26. axb3 Rab6 27. Qc2 Rb8 28.
Kh2 Qd6+ 29. g3 Qe6 30. Kg2 g6 31. Ne1 Nf6 32. Nd3 d4 33. exd4 cxd4 34. Rc6 Qd5+ 35. Kg1 Kg7 36. Nf4 Qxb3 37.
Ne6+ Kh7 38. Qd2 Ne4 39. Qxd4 Qxd1+ 40. Qxd1 Rb1 41. Rc1 Nc3 42. Qd7 Rxc1+ 43. Kg2 Kg8 44. Nd8 Rcb1 45. Qxf7+ Kh8 46. Ne6 R1b7 47. Qf6+ Kh7 48. Qxc3 Rf7 49. h4 Re8 50.
Nf4 h5 51. Nxg6 1-0

[Event "Masters Tournament (MTO)"]
[Site "Biel, Switzerland"]
[Date "2026.07.21"]
[Round "8.10"]
[White "Xu, Chang(Cq)"]
[Black "Balabayeva, Xeniya"]
[Result "0-1"]
[TimeControl "100+30+30sec/move"]
[WhiteTitle "-"]
[BlackTitle "-"]
[WhiteFideId "8641757"]
[BlackFideId "13719688"]
[WhiteElo "2125"]
[BlackElo "2302"]

1. e4 c6 2. d4 d5 3. e5 Bf5 4. h4 h5 5. Bd3 Bxd3 6. Qxd3 Qa5+ 7. Nd2 Qa6 8. c4 e6 9. Ngf3 Nd7 10. O-O Nh6 11. b3 Nf5 12.
Bb2 Be7 13. g3 Rc8 14. Qc2 b6 15. Rfc1 O-O 16. Qd1 Rfd8 17. a4 Nb8 18. Qf1 Qb7 19. Qe2 c5 20. cxd5 Qxd5 21. Qe4 Na6 22.
Rc4 Nb4 23. Kg2 cxd4 24. Qxd5 exd5 25. Rxc8 Rxc8 26. Rd1 d3 27. Nd4 Nxd4 28. Bxd4 Rc2 29. Kf3 Bc5 30. Be3 Nc6 31. Nf1 Nxe5+ 32. Kg2 Ng4 33. Rxd3 Bxe3 34. Nxe3 Rxf2+ 35. Kg1 Rf3 0-1

[Event "Masters Tournament (MTO)"]
[Site "Biel, Switzerland"]
[Date "2026.07.21"]
[Round "8.11"]
[White "Ashwath, Kaushik"]
[Black "Ragavan, Samarth Rajesh"]
[Result "1-0"]
[TimeControl "100+30+30sec/move"]
[WhiteTitle "-"]
[BlackTitle "-"]
[WhiteFideId "33387230"]
[BlackFideId "39918106"]
[WhiteElo "2278"]
[BlackElo "2106"]

1. d4 Nf6 2. c4 e6 3. Nf3 b6 4. e3 Bb7 5. Bd3 Be7 6. O-O O-O 7. b3 d5 8. cxd5 exd5 9. Ba3 Nbd7 10.
Bxe7 Qxe7 11. Nc3 c5 12. Rc1 Rad8 13. Qe2 Ne4 14. Rfd1 Qf6 15. Ba6 Ba8 16. Na4 Rfe8 17. Bb5 Bc6 18.
dxc5 bxc5 19. Nd4 Bxb5 20. Nxb5 d4 21. Nc7 Re5 22. f4 Rf5 23. g4 Qg6 24. Qg2 Rf6 25. f5 Qg5 26. Qxe4 Rh6 27.
Qf4 Qxf4 28. exf4 Rh4 29. h3 Rxh3 30. Kg2 Re3 31. Nxc5 Nf6 32. Rc4 Nxg4 33. Rcxd4 Rxd4 34. Rxd4 h5 35.
Nd5 Re2+ 36. Kg3 Rxa2 37. Nd7 f6 38. Re4 Rd2 39. Re8+ Kh7 40. Nf8+ Kh6 41. Ng6 Rd3+ 42. Kh4 1-0

[Event "Masters Tournament (MTO)"]
[Site "Biel, Switzerland"]
[Date "2026.07.21"]
[Round "8.12"]
[White "Georgescu, Lena"]
[Black "Ling, Chenxuan"]
[Result "1/2-1/2"]
[TimeControl "100+30+30sec/move"]
[WhiteTitle "-"]
[BlackTitle "-"]
[WhiteFideId "1331973"]
[BlackFideId "30983118"]
[WhiteElo "2253"]
[BlackElo "2166"]

1. e4 e6 2. d4 d5 3. Nc3 Bb4 4.
Nge2 dxe4 5. a3 Be7 6. Nxe4 Nf6 7. Nxf6+ Bxf6 8. Be3 b6 9. Qd2 Bb7 10. O-O-O Nc6 11. Rg1 Qd7 12. g4 g6 13.
g5 Bg7 14. h4 O-O-O 15. h5 Rhe8 16. Bg2 Ne7 17. Bxb7+ Kxb7 18. Qd3 Nf5 19. Ng3 Qd5 20. c4 Qf3 21. Nxf5 exf5 22. h6 Bf8 23.
d5 Bd6 24. Kb1 Re4 25. c5 Bxc5 26. Rg3 Qxg3 27. fxg3 Rxe3 28. Qb5 a6 29. Qc6+ Kb8 30. Qf6 Rde8 31. d6 Bxd6 32. Rxd6 cxd6 33.
Qxd6+ Kb7 34. Qd7+ Kb8 35. Qd6+ Kb7 36. Qd7+ Kb8 37. Qxf7 R8e7 38. Qd5 Ka7 39. Qd6 R3e4 40. Ka2 Rb7 41. Qd5 Rg4 42. Qd6 Rxg5 43. Qf4 Rg4 44. Qe5 Re4 45.
Qd5 Rbe7 46. Qd6 R4e6 47. Qd5 Rf6 48. Qd4 Rff7 49. Qd2 f4 50. gxf4 Re4 51. Qd8 Rexf4 52. Qg8 Rb7 53. Qd8 Rf5 54. b4 a5 55. bxa5 Rxa5 56. Qf6 Rc7 57. Kb3 Rac5 58.
a4 Ka6 59. Qf8 Ka7 60. Qd8 g5 61. Qd4 Rc3+ 62. Kb2 R3c4 63. Qd6 g4 64. a5 bxa5 65. Qe5 a4 66. Qa5+ Kb8 67. Qe5 R4c6 68.
Ka3 Rc3+ 69. Kxa4 R3c6 70. Qb5+ Ka7 71. Qe2 Rg6 72. Qe3+ Kb7 73. Qe4+ Kb6 74. Qd4+ Kc6 75. Qe4+ Kd7 76.
Qd5+ Ke8 77. Qe5+ Re7 78. Qh8+ Kd7 79. Qd4+ Ke6 80. Qe4+ Kf7 81. Qf5+ Kg8 1/2-1/2

[Event "Masters Tournament (MTO)"]
[Site "Biel, Switzerland"]
[Date "2026.07.21"]
[Round "8.13"]
[White "Dauth, Benjamin"]
[Black "Ganguly, Surya Shekhar"]
[Result "0-1"]
[TimeControl "100+30+30sec/move"]
[WhiteTitle "-"]
[BlackTitle "-"]
[WhiteFideId "4688104"]
[BlackFideId "5002150"]
[WhiteElo "2247"]
[BlackElo "2578"]

1. e4 c6 2. d4 d5 3. exd5 cxd5 4. Bd3 Nc6 5. c3 Nf6 6. Ne2 e5 7. dxe5 Nxe5 8. Bf4 Bd6 9. O-O O-O 10.
Bxe5 Bxe5 11. Nd2 Bc7 12. h3 Qd6 13. Ng3 Bd7 14. Re1 Rfe8 15. Ndf1 Rxe1 16. Qxe1 Re8 17. Qd2 Qe5 18. Rd1 Bb6 19.
Be2 h5 20. Bf3 Bb5 21. Qc2 g6 22. a4 h4 23. Nh1 Bxf1 24. Rxf1 Ne4 25. Bxe4 dxe4 26. Qe2 e3 27. Qd3 Rd8 0-1

[Event "Masters Tournament (MTO)"]
[Site "Biel, Switzerland"]
[Date "2026.07.21"]
[Round "8.14"]
[White "Sasikiran, Krishnan"]
[Black "Hasenohr, Benedict"]
[Result "1-0"]
[TimeControl "100+30+30sec/move"]
[WhiteTitle "-"]
[BlackTitle "-"]
[WhiteFideId "5004985"]
[BlackFideId "1303309"]
[WhiteElo "2546"]
[BlackElo "2247"]

1. Nf3 d5 2. g3 c6 3. Bg2 Bf5 4. O-O Nd7 5. c4 e6 6. cxd5 exd5 7. d3 Be7 8. e4 dxe4 9. Nd4 Bg6 10.
dxe4 Ngf6 11. Nc3 O-O 12. Qe2 Re8 13. Rd1 Bb4 14. f3 Qe7 15. Be3 a5 16. Rac1 a4 17. a3 Bc5 18. Bf2 Bb6 19.
h3 Nc5 20. Re1 Nfd7 21. f4 f6 22. h4 Kh8 23. Rcd1 Nb3 24. h5 Nxd4 25. Bxd4 Bf7 26. h6 Bb3 27. Rd2 gxh6 28. Qf2 Bxd4 29.
Rxd4 Rad8 30. Re2 Nc5 31. e5 Ne6 32. exf6 Qxf6 33. Rde4 Rg8 34. Re5 Nd4 35. Rd2 Nf5 36. Ne4 Qg6 37.
Rxd8 Rxd8 38. Bh3 Rd1+ 39. Kh2 Nd4 40. g4 Bd5 41. f5 Qg8 42. Kg2 h5 43. Qh4 hxg4 44. Qf6+ Qg7 45. Re8+ Bg8 46.
Qxg7+ Kxg7 47. f6+ Kf7 48. Re7+ Kf8 49. Bxg4 Re1 50. Kf2 Rh1 51. Nd6 1-0

[Event "Masters Tournament (MTO)"]
[Site "Biel, Switzerland"]
[Date "2026.07.21"]
[Round "8.15"]
[White "Schnell, Simon"]
[Black "Haimovich, Tal"]
[Result "1/2-1/2"]
[TimeControl "100+30+30sec/move"]
[WhiteTitle "-"]
[BlackTitle "-"]
[WhiteFideId "1345311"]
[BlackFideId "2801698"]
[WhiteElo "2211"]
[BlackElo "2310"]

1. d4 Nf6 2. c4 e6 3. Nc3 Bb4 4. e3 O-O 5. Bd3 d5 6. cxd5 exd5 7. Nge2 Re8 8. Bd2 Nc6 9. O-O a6 10.
f3 Bd6 11. a3 Be6 12. Qc2 g6 13. Kh1 Nh5 14. Be1 Qg5 15.
f4 Qh6 16. Kg1 Ne7 17. Bd2 Nf6 18. Ng3 Qh4 19. Rf3 Rad8 20. h3 c6 21. Nce2 Bc8 22. Raf1 Nh5 23. Be1 Nxg3 24. Nxg3 Qh6 25.
f5 Bxg3 26. Rxg3 Kh8 27. Bd2 Qh4 28. Rg4 Qh5 29. f6 Nf5 30. Re1 Nd6 31. Rf4 g5 32. Rf2 Ne4 33. Bxe4 Rxe4 34. Qd1 Qh6 35.
Ba5 Rg8 36. Bc7 Qh4 37. Be5 g4 38. g3 gxh3 39. Kf1 Qh6 40. Rh2 Bg4 41. Qd2 Bf3 42. Qf2 Qh5 43. Kg1 Rg6 44. b4 h6 45.
a4 Kh7 46. Rc1 Bg4 47. Rh1 Bf3 48. Rh2 Qg4 49. b5 axb5 50. axb5 h5 51. Rf1 Bg2 52. Rxg2 hxg2 53. Kxg2 h4 54.
Rh1 Kg8 55. bxc6 bxc6 56. Rh3 Rxe5 57. dxe5 Qe4+ 58. Qf3 Qxe5 59. Rxh4 Qb2+ 60. Kh3 Qxf6 61. Qxf6 Rxf6 62. e4 dxe4 63.
Rxe4 Kf8 64. Kg4 Re6 65. Ra4 Re8 66. Kf5 Re3 67. g4 Kg7 68. Ra7 Rc3 69. Rc7 Rc5+ 70. Kf4 Kf6 71. Rc8 Rc4+ 72.
Ke3 Ke6 73. Kd3 Rc1 74. Ke4 Re1+ 75. Kd4 Kd7 76. Rf8 Ke7 77. Rc8 Re6 78. g5 Rg6 79. Rc7+ Kf8 80. Ke4 Kg7 81. Kf5 Rd6 82.
Rc8 Rd5+ 83. Kf4 Rc5 84. Kg4 Rc1 85. Kf5 Rc4 86. Rd8 Rc5+ 87. Kf4 Rd5 88. Rc8 Rc5 89. Kg4 Rc1 90. Kf5 Rc4 91.
Rd8 c5 92. Rc8 Rc1 93. Rc7 c4 94. g6 Rf1+ 95. Ke4 Kxg6 96. Rxc4 Kg5 97. Ke3 f6 98. Ke2 Rf4 99. Rc3 Kg4 100.
Rb3 f5 101. Ra3 Rb4 102. Kf2 Rb2+ 103. Kf1 f4 104. Rc3 Ra2 105. Rb3 Rh2 106. Ra3 Rc2 107. Rb3 Rc4 108. Kf2 Kf5 109.
Kf3 Rc5 110. Ra3 Re5 111. Rb3 Kg5 112. Ra3 Re3+ 1/2-1/2

[Event "Masters Tournament (MTO)"]
[Site "Biel, Switzerland"]
[Date "2026.07.21"]
[Round "8.16"]
[White "Arsenie, Cristian Marc"]
[Black "Cervelli, Eduard"]
[Result "1-0"]
[TimeControl "100+30+30sec/move"]
[WhiteTitle "-"]
[BlackTitle "-"]
[WhiteFideId "1345923"]
[BlackFideId "1351800"]
[WhiteElo "2300"]
[BlackElo "2197"]

1. e4 c5 2. Nf3 d6 3. d4 cxd4 4. Nxd4 Nf6 5. Nc3 a6 6. Be3 e5 7. Nb3 Be7 8. Be2 Be6 9. O-O O-O 10.
Re1 Nbd7 11. a4 Rc8 12. a5 Rxc3 13. bxc3 Nxe4 14. Qd3 f5 15. c4 Qc7 16. Red1 Rc8 17. Nd2 Ndc5 18. Qa3 Nxd2 19.
Bxd2 Ne4 20. Bb4 Bxc4 21. Bd3 Bxd3 22. cxd3 Nc5 23. Bxc5 dxc5 24. Qb3+ Kf8 25. Rab1 Rd8 26. Kf1 Rd4 27.
Qe6 Qd7 28. Qxe5 Rxd3 29. Re1 Bd6 30. Qe2 Be7 31. Rxb7 Qxb7 32. Qxd3 g6 33. Rb1 Qc7 34. Qxa6 Bd8 35. Rb7 Qe5 36.
Qc4 Be7 37. a6 g5 38. a7 Qa1+ 39. Ke2 Qe5+ 40. Kd1 Qd6+ 41. Kc2 1-0

[Event "Masters Tournament (MTO)"]
[Site "Biel, Switzerland"]
[Date "2026.07.21"]
[Round "8.17"]
[White "Harish, Neeraj"]
[Black "Pleschke, Julius Jonas"]
[Result "1-0"]
[TimeControl "100+30+30sec/move"]
[WhiteTitle "-"]
[BlackTitle "-"]
[WhiteFideId "30958130"]
[BlackFideId "54734258"]
[WhiteElo "2201"]
[BlackElo "2280"]

1. e4 c6 2. d4 d5 3. e5 Bf5 4. h4 c5 5. Nf3 Nc6 6. dxc5 Bg4 7. c3 e6 8. Be3 Bxf3 9. Qxf3 Nxe5 10.
Bb5+ Nc6 11. c4 Nf6 12. Nc3 Be7 13. h5 O-O 14. h6 g6 15. Rd1 a6 16. cxd5 exd5 17. Ba4 Ne5 18. Qe2 Neg4 19.
Bd4 Qc7 20. b4 a5 21. a3 Bd8 22. Bb5 axb4 23. axb4 Qf4 24. g3 Qf5 25. f3 Bc7 26. fxg4 Bxg3+ 27. Bf2 Qf4 28. O-O Nxg4 29.
Nxd5 Qxh6 30. Bxg3 f5 31. Bc4 Ra3 32. Ne7+ Kg7 33. Qb2+ Rf6 34. Qxa3 Qh3 35. Rd8 h5 36. Rg8+ Kh7 37. Rh8+ Kxh8 38. Qa8+ Kg7 39. Qg8+ Kh6 40.
Bf4+ 1-0

[Event "Masters Tournament (MTO)"]
[Site "Biel, Switzerland"]
[Date "2026.07.21"]
[Round "8.18"]
[White "Angst, Oliver"]
[Black "Cherniaev, Alexander"]
[Result "0-1"]
[TimeControl "100+30+30sec/move"]
[WhiteTitle "-"]
[BlackTitle "-"]
[WhiteFideId "1334069"]
[BlackFideId "4117301"]
[WhiteElo "2121"]
[BlackElo "2275"]

1. e4 c6 2. d4 d5 3. Nc3 g6 4. e5 Bg7 5. Be3 Qb6 6. Qd2 Qxb2 7. Rb1 Qa3 8. h4 h5 9. Nh3 Qa5 10.
Nf4 Nh6 11. f3 Nf5 12. Bf2 Bh6 13. Rb3 Ng7 14. Be3 Bxf4 15. Bxf4 Qd8 16. Be2 b6 17. g4 Ba6 18. Bh6 Ne6 19.
gxh5 gxh5 20. Rg1 Kd7 21. Be3 Rg8 22. f4 Rxg1+ 23. Bxg1 Qg8 24. Bf2 Qh7 25. Bxa6 Nxa6 26. Ne2 Rg8 27.
Ng3 Rg4 28. f5 Nf4 29. Rf3 Ng2+ 30. Kf1 Nxh4 31. e6+ fxe6 32. Qd3 exf5 33. Qxa6 Nxf3 34. Qb7+ Kd6 35. Qb8+ Ke6 36. Qc8+ Kf7 37.
Qxc6 Nxd4 38. Qxd5+ Ne6 39. Nxf5 Rg5 40. Nd6+ exd6 41. Qb7+ Kg8 42. Qc8+ Nf8 43. Qc4+ Qf7 0-1

[Event "Masters Tournament (MTO)"]
[Site "Biel, Switzerland"]
[Date "2026.07.21"]
[Round "8.19"]
[White "Stefan, Iulia-Cristiana"]
[Black "Rappazzo, Johannes"]
[Result "1-0"]
[TimeControl "100+30+30sec/move"]
[WhiteTitle "-"]
[BlackTitle "-"]
[WhiteFideId "1273876"]
[BlackFideId "1340069"]
[WhiteElo "2053"]
[BlackElo "2268"]

1. d4 Nf6 2. Nf3 g6 3. c4 Bg7 4.
g3 O-O 5. Bg2 d6 6. Nc3 Nbd7 7. O-O e5 8.
e4 exd4 9. Nxd4 Nc5 10. h3 Re8 11. f3 c6 12. Be3 d5 13. Nxc6 bxc6 14. Bxc5 Nh5 15. exd5 Nxg3 16. Re1 Ba6 17.
dxc6 Qg5 18. Qd5 Qh4 19. Bf2 Red8 20. Qe4 Nxe4 21. Bxh4 g5 22. fxe4 gxh4 23. e5 Re8 24. Nd5 Rac8 25.
Nf6+ Bxf6 26. exf6 Bxc4 27. Rxe8+ Rxe8 28. b3 Ba6 29. Rd1 h5 30. Rd7 Kh7 31. Rxf7+ Kg6 32. Rxa7 Bc8 33. f7 Rd8 34.
b4 Kg5 35. b5 Kf4 36. b6 Bf5 37. Kh2 1-0

[Event "Masters Tournament (MTO)"]
[Site "Biel, Switzerland"]
[Date "2026.07.21"]
[Round "8.20"]
[White "Nguyen, Thi Mai Hung"]
[Black "Erne, Raphael"]
[Result "1/2-1/2"]
[TimeControl "100+30+30sec/move"]
[WhiteTitle "-"]
[BlackTitle "-"]
[WhiteFideId "12401676"]
[BlackFideId "1341928"]
[WhiteElo "2260"]
[BlackElo "2166"]

1. d4 Nf6 2. Nf3 c5 3. d5 b5 4. e4 Nxe4 5. Bd3 Qa5+ 6. c3 Nf6 7. O-O c4 8. Bc2 Bb7 9. Bg5 e6 10.
dxe6 dxe6 11. Nbd2 Qb6 12. a4 a6 13. Nd4 Nbd7 14. Bxf6 gxf6 15. Be4 Bxe4 16. Nxe4 Rb8 17. axb5 axb5 18.
Qh5 Bg7 19. Qxb5 f5 20. Qxb6 Rxb6 21. Nd2 Bxd4 22. cxd4 Ke7 23. Nxc4 Rb4 24. Na5 Rxb2 25. Rfc1 Kf6 26. Nc4 Rb4 27.
Rab1 1/2-1/2

[Event "Masters Tournament (MTO)"]
[Site "Biel, Switzerland"]
[Date "2026.07.21"]
[Round "8.21"]
[White "Gireada, Daniel"]
[Black "Coban, Ege"]
[Result "0-1"]
[TimeControl "100+30+30sec/move"]
[WhiteTitle "-"]
[BlackTitle "-"]
[WhiteFideId "1206451"]
[BlackFideId "26320304"]
[WhiteElo "2255"]
[BlackElo "1986"]

1. d4 d5 2. c4 c6 3. Nc3 Nf6 4. Nf3 dxc4 5. a4 Bf5 6. e3 e6 7. Bxc4 Be7 8. O-O O-O 9. Re1 Bb4 10.
Qb3 a5 11. Bd2 Na6 12. Rad1 Bg4 13. Be2 Nc7 14. h3 Bh5 15. e4 Bxc3 16. bxc3 Nxe4 17. Qb4 b6 18. Qxb6 Nd5 19. Qb2 Qf6 20.
c4 Nxd2 21. Nxd2 Bxe2 22. Rxe2 Nf4 23. Re3 Qg6 24. g4 Nxh3+ 25. Rxh3 Qxg4+ 26. Kh2 Qxd1 27. Qc3 f5 28. Qe3 Rf6 29.
Nf3 Rb8 0-1

[Event "Masters Tournament (MTO)"]
[Site "Biel, Switzerland"]
[Date "2026.07.21"]
[Round "8.22"]
[White "Udelnov, Valentin"]
[Black "Iafelice, Vincenzo"]
[Result "0-1"]
[TimeControl "100+30+30sec/move"]
[WhiteTitle "-"]
[BlackTitle "-"]
[WhiteFideId "16265734"]
[BlackFideId "810541"]
[WhiteElo "2269"]
[BlackElo "2086"]

1. e4 e5 2. Nf3 Nc6 3. Bc4 Nf6 4.
d3 h6 5.
O-O Bc5 6. c3 d6 7. Re1 a5 8. Be3 Bxe3 9. Rxe3 O-O 10. Nbd2 d5 11. exd5 Nxd5 12. Bxd5 Qxd5 13. Qe2 Bf5 14.
Nc4 f6 15. Rd1 Rad8 16. Nh4 Bh7 17. Rg3 f5 18. Ng6 Bxg6 19. Rxg6 e4 20. d4 Qf7 21. Rg3 Rde8 22. Rh3 f4 23.
b3 Re7 24. Qh5 Qf6 25. Qh4 Qxh4 26. Rxh4 Kh7 27. g3 g5 28. Rg4 b5 29. Ne5 Rxe5 30. dxe5 Nxe5 31. h3 h5 32. gxf4 Nf3+ 33.
Kg2 hxg4 34. fxg5 gxh3+ 35. Kxh3 Nxg5+ 36. Kg4 Kg6 37. Rd5 Ne6 38. Rxb5 Rf4+ 39. Kg3 Rf5 40. Rb8 Rf3+ 41. Kg2 Rxc3 42. Rg8+ Kf5 43. Ra8 Nf4+ 44. Kg1 Rc5 45. Kh2 Kg4 46.
a3 Kf3 47. Rf8 Rc2 48. Kg1 Rc1+ 49. Kh2 Rf1 50. b4 Rxf2+ 51. Kg1 axb4 52. axb4 e3 53. b5 Rg2+ 54. Kh1 e2 55. Re8 Rg6 56. b6 Re6 57. Rxe6 Nxe6 58. bxc7 e1=Q+ 59. Kh2 Qf2+ 60. Kh3 Qg3 0-1

[Event "Masters Tournament (MTO)"]
[Site "Biel, Switzerland"]
[Date "2026.07.21"]
[Round "8.23"]
[White "Schmidt, Florian Pascal"]
[Black "Matsumura, Cocoro"]
[Result "0-1"]
[TimeControl "100+30+30sec/move"]
[WhiteTitle "-"]
[BlackTitle "-"]
[WhiteFideId "16256840"]
[BlackFideId "36087114"]
[WhiteElo "2095"]
[BlackElo "2225"]

1. e4 c5 2. Nf3 d6 3. d4 cxd4 4. Nxd4 Nf6 5. Nc3 a6 6. Bg5 e6 7. f4 h6 8. Bh4 Qb6 9. a3 Be7 10.
Bf2 Qc7 11. Qf3 Nbd7 12. O-O-O b5 13. g4 Bb7 14. h4 Nc5 15. Bd3 d5 16. e5 Nfe4 17. Bxe4 Nxe4 18. Nxe4 dxe4 19. Qe3 Rc8 20.
Rh2 Bd5 21. Qe2 b4 22. axb4 Bxb4 23. c3 Bxc3 24. bxc3 Qxc3+ 25. Nc2 Qa1+ 26. Kd2 Rxc2+ 27. Kxc2 Qa2+ 28. Kc1 Qxe2 29. Bg1 Qxg4 0-1